 Dungeon Crawl Stone Soup version 0.19.0-19-g8c6edcc (console) character file.

264 Morrissey the Poker (level 6, -1/48 HPs)
             Began as a Merfolk Skald on Nov 15, 2016.
             Killed from afar by Blork the orc (5 damage)
             ... with a magic dart
             ... on level 4 of the Dungeon.
             The game lasted 00:06:39 (3549 turns).

Morrissey the Poker (Merfolk Skald)                 Turns: 3549, Time: 00:06:40

Health: -1/48      AC:  4    Str: 12    XL:     6   Next: 19%
Magic:  0/10       EV: 13    Int: 11    God:
Gold:   131        SH:  0    Dex: 16    Spells: 4 memorised, 2 levels left

rFire  . . .     SeeInvis +     a - +0 spear
rCold  . . .     Gourm    .     b - +0 leather armour
rNeg   . . .     Faith    .     (no shield)
rPois  .         Spirit   .     (no helmet)
rElec  .         Reflect  .     (no cloak)
rCorr  .         Harm     .     (no gloves)
MR     .....                    g - +0 pair of boots {Fly}
Stlth  +.........               (no amulet)
                                (no ring)
                                u - ring of see invisible

@: flying
A: change form in water, swift swim, stealthy swim
a: Stop Flying


You were on level 4 of the Dungeon.
You were not hungry.

You visited 1 branch of the dungeon, and saw 4 of its levels.

You collected 131 gold pieces.

Inventory:

Hand Weapons
 a - a +0 spear (weapon)
Missiles
 f - 4 javelins (quivered)
Armour
 b - a +0 leather armour (worn)
 g - a +0 pair of boots of flying (worn)
Jewellery
 u - a ring of see invisible (left hand)
Scrolls
 e - 3 scrolls of remove curse {unknown}
 h - a scroll of amnesia {unknown}
 i - a scroll of enchant weapon {unknown}
 k - a scroll of fog {unknown}
 n - a scroll of teleportation {unknown}
 o - a scroll of magic mapping {unknown}
 q - 2 scrolls of recharging {unknown}
 r - 2 scrolls of blinking {unknown}
 s - 2 scrolls of identify {unknown}
Potions
 j - a potion of ambrosia {unknown}
 l - a potion of flight {unknown}
 m - 3 potions of heal wounds {unknown}
 v - a potion of cancellation {unknown}
 w - a potion of magic {unknown}
 x - a potion of invisibility {unknown}
 B - a potion of brilliance {unknown}
Books
 c - a book of Battle

   Spells                             Type                      Level
   a - Infusion                       Charms                       1
   b - Shroud of Golubria             Charms/Translocation         2
   c - Song of Slaying                Charms                       2
   d - Spectral Weapon                Hexes/Charms                 3
   e - Regeneration                   Charms/Necromancy            3
Comestibles
 d - 3 bread rations
 p - 2 beef jerkies
 t - a slice of pizza
 A - 4 fruits


   Skills:
 + Level 3.7 Fighting
 + Level 4.7 Polearms
 - Level 0.6 Armour
 + Level 3.4 Dodging
 - Level 3.0 Spellcasting
 + Level 1.1 Hexes
 + Level 4.3 Charms


You had 2 spell levels left.
You knew the following spells:

 Your Spells              Type           Power        Failure   Level  Hunger
a - Infusion              Chrm           ##..         8%          1    #......
b - Shroud of Golubria    Chrm/Tloc      #.........   24%         2    ###....
c - Spectral Weapon       Hex/Chrm       #.......     38%         3    ###....
d - Regeneration          Chrm/Necr      #.........   50%         3    ###....


Dungeon Overview and Level Annotations

Branches:
Dungeon (4/15)
 Temple: D:4-7

Altars:
Cheibriados

Annotations:
D:4 Blork the orc


Message History

Blork the orc is almost dead.
Blork the orc barely misses you.
You barely miss Blork the orc.
Blork the orc is almost dead.
Blork the orc gestures at you while chanting.
The puff of frost hits you!
* * * LOW HITPOINT WARNING * * *
Your magical contamination has completely faded away.
You barely miss Blork the orc.
Blork the orc is almost dead.
Blork the orc gestures at you while chanting.
The magic dart hits you!
* * * LOW HITPOINT WARNING * * *
You barely miss Blork the orc.
Blork the orc is almost dead.
Blork the orc hits you with a scimitar!
* * * LOW HITPOINT WARNING * * *
Blork the orc points at you and mumbles some strange words.
The magic dart hits you!
You die...

#.#.##.#...##.....##
.. ##.#.###รท..####
#.#..........#
#.#..#.........
#.#..#.>.....#.
#.#..#.........
#.##.#.......##
#.##..........#
##.##..........#
#.####(.......###.#..
#[...o@........#
##############..# .##
#


You could see Blork the orc (invisible) and a friendly spectral spear.

Vanquished Creatures
  An orc wizard (D:3)
  An iguana (D:4)
  9 adders
  2 oozes
  6 worms
  2 dart slugs
  2 leopard geckos (D:2)
  10 orcs (D:3)
  6 bats
  4 giant cockroaches (D:3)
  10 hobgoblins
  6 jackals
  2 quokkas (D:3)
  3 ball pythons
  5 frilled lizards
  6 goblins
  12 kobolds
  8 rats
95 creatures vanquished.

Vanquished Creatures (others)
  5 toadstools (D:1)
5 creatures vanquished.

Grand Total: 100 creatures vanquished

Notes
Turn   | Place    | Note
-------+----------+-------------------------------------------
     0 | D:1      | Morrissey the Merfolk Skald began the quest for the Orb.
     0 | D:1      | Reached XP level 1. HP: 16/16 MP: 3/3
    91 | D:1      | Reached XP level 2. HP: 23/23 MP: 5/5
   324 | D:1      | Reached XP level 3. HP: 26/28 MP: 6/6
   335 | D:1      | Learned a level 2 spell: Shroud of Golubria
   909 | D:2      | Reached XP level 4. HP: 32/34 MP: 7/7
  2190 | D:3      | Reached XP level 5. HP: 30/41 MP: 3/8
  2738 | D:3      | Learned a level 3 spell: Spectral Weapon
  2742 | D:3      | Learned a level 3 spell: Regeneration
  2957 | D:3      | Found a snail-covered altar of Cheibriados.
  3159 | D:3      | Reached XP level 6. HP: 31/47 MP: 1/10
  3531 | D:4      | Reached skill level 1 in Hexes
  3533 | D:4      | Noticed Blork the orc
  3549 | D:4      | Killed from afar by Blork the orc

Skill      XL: |  1  2  3  4  5  6 |
---------------+-------------------+-----
Dodging        | 2 3 |  3.4
Fighting       | 3 |  3.7
Polearms       | 4 |  4.7
Charms         | 4 |  4.3
Spellcasting   | 3 |  3.0
Hexes          | 1 |  1.1
Armour         | |  0.6

Action                   |  1- 3 |  4- 6 || total
-------------------------+-------+-------++-------
Melee: Spear             |   138 |   286 ||   424
 Cast: Infusion          |     3 |    20 ||    23
       Shroud of Golubri |     1 |     6 ||     7
       Spectral Weapon   |       |     1 ||     1
 Stab: Sleeping          |       |     2 ||     2
  Eat: Chunk             |       |     5 ||     5
       Meat ration       |       |     1 ||     1
Armor: Leather armour    |    32 |    32 ||    64
Dodge: Dodged            |    55 |   119 ||   174
